 Dungeon Crawl Stone Soup version 0.28.0-1-gb440e238dd (webtiles) character file.

Game seed: 6226881447367453838

39 Akaron the Chiller (level 3, 0/21 (22) HPs)
             Began as an Octopode Ice Elementalist on Feb 20, 2022.
             Slain by a necrophage (2 damage)
             ... on level 2 of the Dungeon.
             The game lasted 00:01:43 (1149 turns).

Akaron the Chiller (Octopode Ice Elementalist)      Turns: 1149, Time: 00:01:45

HP:   0/21 (22)     AC:  1    Str:  7    XL:     3   Next: 47%
MP:   6/6           EV: 13    Int: 17    God:
Gold: 21            SH:  0    Dex: 14    Spells: 2/6 levels left

rFire   . . .      SeeInvis .   g - +0 dagger
rCold   . . .      Faith    .   (no shield)
rNeg    . . .      Spirit   .   (helmet restricted)
rPois   .          Reflect  .   (no amulet)
rElec   .          Harm     .   (no ring)
rCorr   .          Rampage  .   (no ring)
Will    .....                   (no ring)
Stlth   +++.......              (no ring)
HPRegen 0.07/turn               (no ring)
MPRegen 0.10/turn               (no ring)
                                (no ring)
                                (no ring)

@: lightly drained
A: almost no armour, amphibious, 8 rings, camouflage 1, gelatinous body 1,
(nimble swimmer 1), tentacles
a: no special abilities


You were on level 2 of the Dungeon.
You visited 1 branch of the dungeon, and saw 2 of its levels.

You collected 21 gold pieces.

Inventory:

Hand Weapons
 g - a +0 dagger (weapon)
Scrolls
 b - a scroll of identify {unknown}
 c - a scroll of magic mapping {unknown}
 e - a scroll of enchant weapon {unknown}
Potions
 a - a potion of mutation {unknown}
 d - a potion of berserk rage {unknown}
 f - a potion of resistance {unknown}


   Skills:
 + Level 0.3 Fighting
 + Level 2.1 Dodging
 + Level 3.0 Stealth
 + Level 2.3 Spellcasting
 + Level 4.8 Ice Magic


You had 2 spell levels left.
You knew the following spells:

 Your Spells              Type           Power      Damage    Failure   Level
a - Freeze                Ice            72%        1d9       2%          1
b - Frozen Ramparts       Ice            36%        1d5       8%          3

Your spell library contained the following spells:

 Spells                   Type           Power      Damage    Failure   Level
 Corpse Rot               Necr/Air       2%         N/A       28%         2
 Poisonous Vapours        Pois/Air       2%         N/A       28%         2
 Ozocubu's Armour         Ice            18%        N/A       8%          3
 Summon Guardian Golem    Hex/Summ       1%         N/A       50%         3
 Hailstorm                Conj/Ice       10%        3d5       56%         4
 Iskenderun's Mystic Bla  Conj/Tloc      1%         2d3       88%         4
 Spellforged Servitor     Conj/Summ      0%         N/A       100%        7


Dungeon Overview and Level Annotations

Branches:
Dungeon (2/15)

Altars:


Innate Abilities, Weirdness & Mutations

You cannot wear most types of armour.
You are amphibious.
You can wear up to eight rings at the same time.
Your skin changes colour to match your surroundings (Stealth+).
Your rubbery body absorbs attacks. (AC +1, EV +1)
((You are camouflaged when in or above water. (Stealth+)))
You have tentacles for arms and can constrict up to eight enemies at once.


Message History

There is an open door here.
You open the door.
There is an open door here.
Found a stone staircase leading up.
A necrophage comes into view.
The helpless necrophage fails to defend itself.
You puncture the necrophage! You grab the necrophage.
The necrophage is moderately damaged.
You constrict the necrophage, but do no damage.
The necrophage closely misses you.
You hit the necrophage.
The necrophage is moderately damaged.
You constrict the necrophage. The necrophage hits you.
You hit the necrophage but do no damage.
You squeeze the necrophage.
The necrophage is heavily damaged.
You constrict the necrophage. The necrophage hits you.
You hit the necrophage but do no damage.
The necrophage is heavily damaged.
You constrict the necrophage. The necrophage hits you.
You hit the necrophage.
You squeeze the necrophage, but do no damage.
The necrophage is severely damaged.
You constrict the necrophage. The necrophage hits you.
You hit the necrophage.
The necrophage is severely damaged.
You constrict the necrophage, but do no damage.
The necrophage hits you.
You are too injured to fight recklessly!
You are too injured to fight recklessly!
You barely miss the necrophage.
The necrophage is severely damaged.
You constrict the necrophage. The necrophage closely misses you.
You hit the necrophage but do no damage.
You squeeze the necrophage.
The necrophage is almost destroyed.
You constrict the necrophage. The necrophage hits you.
* * * LOW HITPOINT WARNING * * *
You feel drained.
You die...

#......>...#
#....##...##
#.<..##...#
###'#######
#.# #.#
###### #.#
#...n# #.#
###...@###.#
#...........#
#.###+#.....#
+.....#
#.....#
#....<#
###.#..
#.....
...####


You could see a necrophage.

Vanquished Creatures
  An adder (D:2)
  A worm (D:2)
  5 ball pythons (D:1)
  A bat (D:1)
  2 endoplasms (D:1)
  2 giant cockroaches (D:1)
  4 goblins
  3 hobgoblins (D:1)
  A quokka (D:1)
  3 frilled lizards (D:1)
23 creatures vanquished.

Notes
Turn   | Place    | Note
-------+----------+-------------------------------------------
     0 | D:1      | Akaron the Octopode Ice Elementalist began the quest for
                  | the Orb.
     0 | D:1      | Reached XP level 1. HP: 11/11 MP: 3/3
     3 | D:1      | Noticed an electric eel
     4 | D:1      | Noticed an electric eel
   164 | D:1      | Reached XP level 2. HP: 17/17 MP: 3/5
   202 | D:1      | Found a faded altar of an unknown god.
   306 | D:1      | Got Jyureaz's Handbook of the Displaced Entourage
   726 | D:1      | Reached XP level 3. HP: 16/21 MP: 3/6
   731 | D:1      | Learned a level 3 spell: Frozen Ramparts
  1140 | D:2      | Noticed a necrophage
  1149 | D:2      | Slain by a necrophage

Illustrated notes

Levels and vault maps discovered:
D:1:      arrival_aquarium_b, layout_rooms, ebering_ecumenical_altar_box
D:2:      layout_basic, grunt_decor_arrowhead, nicolae_figureground_pulse

Skill      XL: |  1  2 |
---------------+-------+-----
Stealth        | 3 |  3.0
Fighting       | |  0.3
Dodging        | |  2.1
Spellcasting   | |  2.3
Ice Magic      | |  4.8

Action                   || total
-------------------------++-------
Melee: Unarmed           ||     8
       Tentacles         ||     8
       Constrict         ||     4
       Dagger            ||     8
 Cast: Freeze            ||    33
 Stab: Sleeping          ||     1
Armor: Skin              ||     1
Dodge: Dodged            ||    33
